 Dungeon Crawl Stone Soup version 0.29.1-12-g30fa7ad0bf (webtiles) character file.

Game seed: 1006536577098380016

27 bnorton916 the Firebug (level 2, -3/15 HPs)
             Began as a Deep Elf Fire Elementalist on Dec 22, 2022.
             Slain by Sigmund
             ... wielding a +0 scythe
              (8 damage)
             ... on level 2 of the Dungeon.
             The game lasted 00:03:13 (1077 turns).

bnorton916 the Firebug (Deep Elf Fire Elementalist) Turns: 1077, Time: 00:03:14

Health: -3/15      AC:  2    Str:  5    XL:     2   Next: 93%
Magic:  8/8        EV: 12    Int: 19    God:
Gold:   52         SH:  0    Dex: 15    Spells: 7/8 levels left

rFire   . . .      SeeInvis .   (no weapon)
rCold   . . .      Faith    .   (no shield)
rNeg    . . .      Spirit   .   a - +0 robe
rPois   .          Reflect  .   (no helmet)
rElec   .          Harm     .   (no cloak)
rCorr   .          Rampage  .   (no gloves)
Will    .....                   (no boots)
Stlth   ++........              (no amulet)
HPRegen 0.05/turn               (no ring)
MPRegen 0.11/turn               (no ring)

@: brilliant, attractive
A: no striking features
a: no special abilities


You were on level 2 of the Dungeon.
You visited 1 branch of the dungeon, and saw 2 of its levels.

You collected 52 gold pieces.

Inventory:

Missiles
 c - 2 poisoned darts (quivered)
Armour
 a - a +0 robe (worn)
 i - a +0 pair of boots
Scrolls
 d - a scroll of amnesia {unknown}
 e - a scroll of silence {unknown}
 g - a scroll of poison {unknown}
 j - a scroll of identify {unknown}
 k - a scroll of teleportation {unknown}
 m - a scroll of magic mapping {unknown}
 o - a scroll of fear {unknown}
 p - a scroll of enchant armour {unknown}
Potions
 b - a potion of magic
 l - a potion of flight {unknown}


   Skills:
 - Level 2.4 Dodging
 - Level 2.4 Stealth
 + Level 3.7 Spellcasting
 + Level 2.0 Conjurations
 + Level 3.8 Fire Magic


You had 7 spell levels left.
You knew the following spells:

 Your Spells              Type           Power      Damage    Failure   Level
a - Foxfire               Conj/Fire      84%        2x1d8     4%          1

Your spell library contained the following spells:

 Spells                   Type           Power      Damage    Failure   Level
 Scorch                   Fire           54%        2d7       4%          2
 Conjure Flame            Conj/Fire      21%        6-21      13%         3
 Inner Flame              Hex/Fire       16%        N/A       21%         3
 Flame Wave               Conj/Fire      21%        2d8       38%         4


Dungeon Overview and Level Annotations

Branches:
Dungeon (2/15)

Altars:

Annotations:
D:2 Sigmund


Message History

Sigmund casts a spell at you. The puff of flame hits you!
Ouch! That really hurt!
You climb upwards.
There is a stone staircase leading down here.
You start resting.
You start resting.
You start resting.
HP restored.
There is a stone staircase leading down here.
You climb downwards.
Level annotation: Sigmund
There is a stone staircase leading up here.
Sigmund is nearby!
Throw: 3 darts (poison)
Press: ? - help, Q - select action, (/) - cycle Shift-Dir - straight line, f - Sigmund
Aim: Sigmund, wielding a +0 scythe and wearing a +0 robe (wandering, hasn't noticed you, 53% to hit)
You throw a poisoned dart.
The poisoned dart closely misses Sigmund.
Sigmund gestures at you while chanting.
You are confused.
You bump into the rock wall.
It was a potion of brilliance.
You feel clever all of a sudden.
It was a potion of heal wounds.
You feel much better.
Okay, then.
It was a potion of attraction.
You feel attractive to monsters.
You feel less confused. Sigmund hits you but does no damage.
Sigmund is attracted toward you.
Okay, then.
Sigmund hits you but does no damage. Sigmund is attracted toward you.
Sigmund is attracted toward you. Sigmund closely misses you.
Sigmund is attracted toward you.
Sigmund points at you and mumbles some strange words.
The magic dart hits you!
Ouch! That really hurt!
Sigmund is attracted toward you. Sigmund attacks as you move away!
Sigmund hits you with a +0 scythe!
Ouch! That really hurt!
You die...

# #
###########
#
#.......@.#
#
#.#######@#
# #.# #§# #
#.# #.#
###### #
######.# #§#
#.(...
####......#
#§# #@###.
.....######
#§# #.#.#.
.........#
#.# #<..#.
#...........
#.# #####.


You could see Sigmund.

Vanquished Creatures
  A worm (D:1)
  2 ball pythons (D:1)
  2 bats (D:1)
  3 endoplasms (D:1)
  2 giant cockroaches (D:1)
  A goblin (D:1)
  A hobgoblin (D:1)
  A kobold (D:1)
  4 quokkas (D:1)
  3 rats (D:1)
20 creatures vanquished.

Vanquished Creatures (others)
  63 foxfires (D:1)
63 creatures vanquished.

Grand Total: 83 creatures vanquished

Notes
Turn   | Place    | Note
-------+----------+-------------------------------------------
     0 | D:1      | bnorton916 the Deep Elf Fire Elementalist began the quest
                  | for the Orb.
     0 | D:1      | Reached XP level 1. HP: 10/10 MP: 6/6
   121 | D:1      | Reached XP level 2. HP: 15/15 MP: 4/8
   681 | D:1      | Found a faded altar of an unknown god.
   810 | D:2      | Noticed Sigmund
  1077 | D:2      | Slain by Sigmund

Illustrated notes

Levels and vault maps discovered:
D:1:      elethiomel_arrival_shortcut, layout_rooms,
          shapermc_ecumenical_altar_notcrosses
D:2:      layout_basic, basic_altar, uniq_robin, uniq_terence, uniq_sigmund

Skill      XL: |  1  2 |
---------------+-------+-----
Conjurations   | 2 |  2.0
Dodging        | |  2.4
Stealth        | |  2.4
Spellcasting   | |  3.7
Fire Magic     | |  3.8

Action                   || total
-------------------------++-------
Throw: Dart              ||     7
 Cast: Foxfire           ||    39
  Use: Potion            ||     3
Armor: Robe              ||     3
Dodge: Dodged            ||     8
